 Dungeon Crawl Stone Soup version 0.27.1-34-g3ba077fa99 (webtiles) character file.

Game seed: 3055103780068721622

13595 KamiKatze the Cleaver (level 11, -2/145 HPs)
             Began as a Palentonga Berserker on Jan 23, 2022.
             Was a High Priest of Trog.
             Slain by an orc warlord (4 damage)
             ... on level 1 of the Orcish Mines on Jan 26, 2022.
             The game lasted 00:48:15 (12317 turns).

KamiKatze the Cleaver (Palentonga Berserker)       Turns: 12317, Time: 00:48:15

Health: -2/145     AC: 15    Str: 30    XL:     11   Next: 77%
Magic:  0/11       EV:  9    Int:  7    God:    Trog [*****.]
Gold:   730        SH:  0    Dex: 10    Spells: 10/10 levels left

rFire    . . .     SeeInvis +   a - +5 war axe
rCold    . . .     Faith    .   (no shield)
rNeg     . . .     Spirit   +   A - +0 scale mail
rPois    .         Reflect  .   (no helmet)
rElec    .         Harm     .   (no cloak)
rCorr    .         Rampage  .   h - +0 pair of gloves
Will     +++..                  (no barding)
Stlth    ..........             r - amulet of guardian spirit
HPRegen  1.34/turn              q - +6 ring of strength
MPRegen  0.12/turn              s - ring of willpower

@: berserking (expiring), strong-willed, regenerating, curled up, very quick
A: large, rugged brown scales 3, see invisible, deformed body, roll 1, armoured
tail, reflexive curl
a: Rolling Charge, Renounce Religion, Berserk, Trog's Hand, Brothers in Arms


You were on level 1 of the Orcish Mines.
You worshipped Trog.
Trog was extremely pleased with you.
You visited 4 branches of the dungeon, and saw 14 of its levels.

You collected 820 gold pieces.
You spent 90 gold pieces at shops.

Inventory:

Hand Weapons
 a - a +5 war axe (weapon)
 b - a +0 morningstar
 w - a +4 flail of venom
 I - a +2 vorpal hand axe
 J - a +4 scimitar of flaming
Missiles
 d - 51 stones
 o - 7 atropa-tipped darts
 z - 36 poisoned darts (quivered)
Armour
 h - a +0 pair of gloves (worn)
 A - a +0 scale mail (worn)
 N - a +0 troll leather armour
Jewellery
 e - a +6 ring of dexterity
 q - a +6 ring of strength (left hand)
 r - an amulet of guardian spirit (around neck)
 s - a ring of willpower (right hand)
 x - a +4 ring of protection
 G - a ring of positive energy
 H - a ring of flight
Wands
 y - a wand of iceblast (14)
 C - a wand of polymorph (4)
 K - a wand of paralysis (9)
Scrolls
 g - 4 scrolls of magic mapping {unknown}
 j - a scroll of blinking
 k - a scroll of holy word {unknown}
 l - a scroll of fog {unknown}
 m - 7 scrolls of teleportation
 n - 5 scrolls of enchant weapon
 p - a scroll of acquirement {unknown}
 t - a scroll of amnesia {unknown}
 v - a scroll of fear {unknown}
 F - 2 scrolls of identify
 M - a scroll of noise {unknown}
Potions
 c - 4 potions of invisibility
 f - 3 potions of curing
 i - 2 potions of heal wounds
 B - a potion of might
 D - 2 potions of brilliance
 E - a potion of mutation
 L - 2 potions of haste


   Skills:
 + Level 10.2 Fighting
 * Level 13.6 Axes
 + Level 5.4 Armour
 + Level 5.4 Dodging
 - Level 2.0 Evocations


You had 10 spell levels left.
You didn't know any spells.
Your spell library was empty.

Dungeon Overview and Level Annotations

Branches:
Dungeon (11/15)            Temple (1/1) D:5            Lair (1/6) D:10
    Orc (1/2) D:11

Altars:
Ashenzari
Cheibriados
Dithmenos
Elyvilon
Fedhas
Gozag
Hepliaklqana
Kikubaaqudgha
Makhleb
Nemelex Xobeh
Okawaru
Qazlal
Sif Muna
Trog
Uskayaw
Vehumet
Wu Jian
Yredelemnul
Zin
The Shining One

Shops:
D:4 [   D:5 =   D:7 *

Annotations:
D:8 exclusion: 2 electric eels
D:9 2 runed translucent doors, exclusion: 2 doors
Orc:1 2 transporters, barkas's ghost, journeyman CeMo


Innate Abilities, Weirdness & Mutations

You are completely covered in rugged brown scales. (AC +3, +7% HP)
You have supernaturally acute eyesight. (SInv)
Armour fits poorly on your strangely shaped body.
You can roll at nearby foes to attack.
You have a long armoured tail.
You curl defensively after being hit.


Message History

The orc warrior hits you from afar with a +0 glaive!!
You slash the orc warlord!
The orc warlord is lightly wounded.
The orc warlord unwields a +0 arbalest.
The orc warlord wields a +2 battleaxe of electrocution.
You hear the crackle of electricity.
The orc warlord hits you with a +2 battleaxe of electrocution!
You slash the orc warlord!
Your tail-slap misses the orc warlord.
The orc warlord is moderately wounded.
The orc warrior hits you from afar with a +0 glaive!!
You are too injured to fight recklessly!
You are too injured to fight recklessly!
You hit the orc warlord.
Your tail-slap misses the orc warlord.
The orc warlord is moderately wounded.
Unknown command.
The orc warrior hits you with a +0 glaive!
* * * LOW HITPOINT WARNING * * *
You feel a strong urge to attack something.
The orc warlord barely misses you.
The orc warrior hits you from afar with a +0 glaive!
* * * LOW HITPOINT WARNING * * *
The orc warrior hits you with a +0 trident!
* * * LOW HITPOINT WARNING * * *
You slice the orc warlord!!
The orc warlord is heavily wounded.
You slash the orc warrior!
The orc warlord hits you with a +2 battleaxe of electrocution!!!
* * * LOW HITPOINT WARNING * * *
You hear a shout!
You slice the orc warlord!!
The orc warlord is severely wounded.
You barely miss the orc warrior. The orc warrior barely misses you.
The orc warrior hits you with a +0 trident.
* * * LOW HITPOINT WARNING * * *
Unknown command.
You hit the orc warlord. You tail-slap the orc warlord.
The orc warlord is severely wounded.
You slash the orc warrior!
The orc warlord hits you with a +2 battleaxe of electrocution.
You die...

.. #...#.#........##.### #####
#.# ##..##...........### ##
...##...............######## ###.
...#................#.##.#.###...
....#.#..........................
....#...........##....#..#.....#.
........#.#..#.#..(......#.#.###.
....#.####[[...o.)...........####
...#######....><@.o...........# #
... ##........o..........#.## ...
#...............##..#### ###
##.#.##...##..#######
##############


You could see an orc warlord and 2 orc warriors.

Vanquished Creatures
  Erica (D:8)
  4 two-headed ogres
  Pikel (D:4)
  An orc sorcerer (D:11)
  An orc knight (D:11)
  A cyclops (Orc:1)
  Psyche (D:9)
  A kobold demonologist (D:10)
  2 trolls
  Sigmund (D:2)
  2 wraiths (D:10)
  3 shadows
  4 yaks (D:7)
  2 steam dragons
  5 vampire mosquitoes
  2 wargs
  4 water moccasins
  11 orc warriors
  A necrophage (D:6)
  2 black bears
  6 ogres
  2 centaurs (D:8)
  3 phantoms
  5 bullfrogs
  3 kobold brigands
  A wyvern zombie (D:8)
  A water moccasin skeleton (D:7)
  2 troll zombies (D:11)
  8 wights
  4 centaur zombies
  2 hounds
  A gnoll shaman (D:7)
  A jelly (D:6)
  7 orc priests
  Jessica (D:3)
  Ijyb (D:5)
  13 orc wizards
  A killer bee zombie (D:8)
  4 ogre zombies (D:11)
  A hound zombie (D:5)
  A hound skeleton (D:5)
  A howler monkey skeleton (D:7)
  5 gnolls
  8 adders
  A shadow imp (D:6)
  2 white imps (D:5)
  2 ufetubi (D:5)
  An adder skeleton (D:4)
  A worm (D:4)
  4 dart slugs
  42 orcs
  4 ball pythons
  5 endoplasms
  3 giant cockroaches
  5 goblins
  6 hobgoblins
  5 jackals
  7 quokkas
  4 bats
  4 frilled lizards
  A goblin skeleton (D:11)
  5 goblin zombies (D:11)
  4 hobgoblin zombies (D:11)
  20 kobolds
  2 orc skeletons (D:11)
  6 orc zombies (D:11)
  A rat (D:2)
  A spectral kobold (D:2)
268 creatures vanquished.

Vanquished Creatures (others)
  11 plants
11 creatures vanquished.

Grand Total: 279 creatures vanquished

Notes
Turn   | Place    | Note
-------+----------+-------------------------------------------
     0 | D:1      | KamiKatze the Palentonga Berserker began the quest for the
                  | Orb.
     0 | D:1      | Reached XP level 1. HP: 19/19 MP: 1/1
   284 | D:1      | Reached XP level 2. HP: 25/25 MP: 2/2
   451 | D:1      | Reached XP level 3. HP: 25/31 MP: 3/3
   797 | D:1      | Reached skill level 4 in Axes
   884 | D:2      | Found a hazy altar of Hepliaklqana.
   891 | D:2      | Reached ** piety under Trog
  1078 | D:2      | Found a faded altar of an unknown god.
  1280 | D:2      | Reached XP level 4. HP: 14/39 MP: 4/4
  1693 | D:2      | Noticed Sigmund
  1705 | D:2      | Killed Sigmund
  1706 | D:2      | Reached skill level 5 in Axes
  1706 | D:2      | Reached XP level 5. HP: 46/46 MP: 5/5
  2073 | D:3      | Noticed Jessica
  2077 | D:3      | Killed Jessica
  2078 | D:3      | Reached XP level 6. HP: 49/52 MP: 6/6
  2578 | D:3      | Found a radiant altar of Vehumet.
  2794 | D:4      | Reached skill level 6 in Axes
  3047 | D:4      | Found a snail-covered altar of Cheibriados.
  3128 | D:4      | Found Timpidos's Armour Emporium.
  3193 | D:5      | Entered Level 5 of the Dungeon
  3259 | D:5      | Reached *** piety under Trog
  3268 | D:5      | Noticed a water moccasin
  3283 | D:5      | Killed a water moccasin
  3284 | D:5      | Reached skill level 5 in Fighting
  3508 | D:4      | Gained mutation: You curl defensively after being hit.
                  | [Palentonga growth]
  3508 | D:4      | Reached XP level 7. HP: 43/59 MP: 5/7
  3815 | D:5      | Noticed Pikel
  3848 | D:4      | Killed Pikel
  3849 | D:4      | Reached skill level 8 in Axes
  3849 | D:4      | Reached XP level 8. HP: 63/68 MP: 3/8
  3972 | D:5      | Found a staircase to the Ecumenical Temple.
  4000 | Temple   | Entered the Ecumenical Temple
  4441 | D:5      | Noticed Ijyb
  4457 | D:5      | Killed Ijyb
  4601 | D:5      | Found Mateowae's Jewellery Shop.
  4617 | D:5      | Reached skill level 9 in Axes
  5658 | D:6      | You fall into a shaft and drop 3 floors!
  5658 | D:9      | Noticed a two-headed ogre
  5665 | D:9      | Killed a two-headed ogre
  5666 | D:9      | Reached skill level 10 in Axes
  5666 | D:9      | Reached XP level 9. HP: 79/79 MP: 5/9
  6164 | D:7      | Found Uceop's Assorted Antiques.
  6168 | D:7      | Bought an inky potion for 21 gold pieces
  6168 | D:7      | Bought a purple potion for 21 gold pieces
  6175 | D:7      | Bought a scroll labelled VAROSU BIRAES for 24 gold pieces
  6175 | D:7      | Bought a scroll labelled KEGHI TOMMOPT for 24 gold pieces
  6397 | D:7      | Reached skill level 11 in Axes
  6486 | D:7      | Reached **** piety under Trog
  7004 | D:7      | Reached XP level 10. HP: 74/87 MP: 10/10
  7300 | D:8      | Noticed a two-headed ogre
  7317 | D:8      | Killed a two-headed ogre
  7548 | D:8      | Reached skill level 12 in Axes
  7552 | D:8      | Noticed Erica
  7558 | D:8      | Killed Erica
  8654 | D:9      | Noticed Psyche
  8662 | D:9      | Killed Psyche
  8663 | D:9      | Reached skill level 1 in Evocations
  8677 | D:9      | Noticed a two-headed ogre
  8681 | D:9      | Killed a two-headed ogre
  8803 | D:9      | Reached ***** piety under Trog
  8845 | D:9      | Found a large runed translucent door.
  8850 | D:9      | Found a large runed translucent door.
  9023 | D:10     | Entered Level 10 of the Dungeon
  9178 | D:10     | Reached XP level 11. HP: 66/95 MP: 7/11
  9317 | D:10     | Found a shadowy altar of Dithmenos.
  9347 | D:10     | Noticed a two-headed ogre
  9362 | D:10     | Killed a two-headed ogre
  9631 | D:10     | Found a glowing silver altar of Zin.
  9938 | D:10     | Found a staircase to the Lair.
 10274 | D:11     | Reached skill level 13 in Axes
 10429 | D:11     | Found a staircase to the Orcish Mines.
 10867 | Lair:1   | Entered Level 1 of the Lair of Beasts
 11098 | Orc:1    | Entered Level 1 of the Orcish Mines
 11103 | Orc:1    | Reached skill level 5 in Armour
 11113 | Orc:1    | Reached skill level 5 in Dodging
 11157 | Orc:1    | Reached skill level 10 in Fighting
 11199 | Orc:1    | Found a transporter.
 11202 | Orc:1    | Noticed barkas's ghost (journeyman CeMo)
 11202 | Orc:1    | Noticed an orc sorcerer
 11213 | Orc:1    | Noticed a two-headed ogre
 11224 | Orc:1    | Found a transporter.
 11357 | Orc:1    | Noticed an orc warlord
 11398 | Orc:1    | Noticed an orc knight
 11400 | Orc:1    | Noticed an orc sorcerer
 11417 | D:11     | HP: 4/96 [poisoned by an orc warrior]
 11896 | D:11     | Killed an orc knight
 12204 | D:11     | Killed an orc sorcerer
 12315 | Orc:1    | HP: 5/145 [orc warlord (36)]
 12316 | Orc:1    | HP: 1/145 [orc warrior[an orc high priest] (5)]
 12317 | Orc:1    | Slain by an orc warlord

Illustrated notes

Levels and vault maps discovered:
D:1:      giann_bridges, layout_basic, minmay_misc_feat_cross,
          columned_hall_lemuel, grunt_decor_junction
D:2:      layout_loops_ring, dreamdust_ecumenical_altar_drowned_temple,
          serial_co_window_serial, co_window_corner_a, co_window_corner_a,
          co_window_corner_a, co_window_corner_a, co_window_of_opportunity_a,
          co_window_2corner, co_window_broadway_a, co_window_broadway_a,
          co_window_unsneaky_path_a, co_window_broadway_b, glass_columns_a,
          glass_columns_c, glass_columns_a, glass_columns_c, glass_columns_a,
          basic_altar, uniq_sigmund
D:3:      layout_basic, mainiacjoe_overflow_catwalk, uniq_jessica
D:4:      layout_loops_cross, kennysheep_slug_shrine, serial_shops,
          nicolae_shop_trees
D:5:      layout_basic, minmay_temple_entry_statues_fountains,
          serial_bayou_pond_b, kennysheep_windowed_goal, uniq_ijyb, uniq_pikel
D:6:      layout_basic
D:7:      layout_rooms, serial_shops, nicolae_shop_crystal, minmay_fountain_box
D:8:      layout_loops_ring, serial_bayou_lagoon_b, uniq_erica
D:9:      layout_roguey, jmf_multi_god_temple2, chequers_serial_rivers_room_b,
          dk_vineyard_3, uniq_psyche
D:10:     layout_loops_corners, mainiacjoe_overflow_alcove_4,
          mainiacjoe_overflow_six_doors_small, lair_entry_dummy,
          nrook_mini_vaults
D:11:     layout_roguey, zombieorc1_lemuel
Temple:   nicolae_temple_elliptical
Lair:1:   layout_cave_pods, minmay_lair_oklob_chamber, grunt_megastairs_2,
          serial_bayou_shore_a
Orc:1:    layout_caves, gammafunk_ghost_arena, minmay_orc_treasury

Skill      XL: |  1  2  3  4  5  6  7  8  9 10 11 |
---------------+----------------------------------+-----
Axes           | 4 5 6 8 10 11 12 13 | 13.6
Fighting       | 4 5 6 7 8 9 10 | 10.2
Armour         | 2 4 5 |  5.4
Dodging        | 2 4 5 |  5.4
Evocations     | 1 2 |  2.0

Action                   |  1- 3 |  4- 6 |  7- 9 | 10-12 || total
-------------------------+-------+-------+-------+-------++-------
Melee: Hand axe          |   100 |   153 |   204 |       ||   457
       Tailslap          |     7 |    17 |    40 |    61 ||   125
       War axe           |       |       |    30 |   327 ||   357
Throw: Stone             |     1 |       |       |       ||     1
       Dart              |       |       |     2 |     2 ||     4
Invok: Berserk           |     3 |     2 |     8 |    10 ||    23
       Trog's Hand       |       |     1 |     3 |     4 ||     8
 Abil: Rolling Charge    |     6 |     6 |     3 |     7 ||    22
  Use: Scroll            |       |       |     9 |     2 ||    11
       Potion            |       |       |       |     1 ||     1
 Stab: Sleeping          |       |     1 |       |       ||     1
       Invisible         |       |       |     1 |       ||     1
Armor: Animal skin       |    40 |    25 |       |       ||    65
       Leather armour    |       |    28 |       |       ||    28
       Ring mail         |       |       |    25 |       ||    25
       Scale mail        |       |       |    48 |   111 ||   159
Dodge: Dodged            |    52 |    47 |    82 |   123 ||   304
